 BcadrenCrawl: Boulder Brew version 0.05.21-81-gd28e3044bd (webtiles) character file.

Game seed: 3566240987138120675, levelgen mode: deterministic

48 theanonym the Skirmisher (level 3, 21/21 HPs) Gargoyle Noble. Began on Sept 5, 2021. Quit the game on level 1 of the Dungeon. The game lasted 00:01:31 (731 turns).

theanonym the Skirmisher (Gargoyle Noble)            Turns: 731, Time: 00:01:31

Health: 21/21      AC: 16    Str: 20    XL:     3 ^: 13
Magic:  4/4        EV:  6    Int: 10    God:
Gold:   90         SH:  0    Dex:  7    Spells: 4/4 levels left

rFire    + . .     Vision   .   b - +0 broad axe
rCold    + . .     Gourm    .   (no weapon)
rNeg     + . .     Faith    .   c - +0 gold dragon scales
rCorr    . . .     Spirit   .   (no helmet)
rPois    ∞         Reflect  .   (no cloak)
rElec    +         Harm     .   (no gloves)
MR       .....                  (no boots)
Stlth    ..........             (no amulet)
HPRegen  0.17/turn              (no ring)
MPRegen  0.14/turn              (no ring)

@: no status effects
A: negative energy resistance 1, electricity resistance, unbreathing,
petrification resistance, rot immunity, AC +3
a: no special abilities


Innate Abilities, Weirdness & Mutations

You are resistant to torment.
Your stone body is resilient. (AC +3)
You are immune to poison.
You resist negative energy. (rN+)
You are resistant to electric shocks. (rElec)
You can survive without breathing.
You are immune to petrification.
You are immune to rotting.


   Skills:
 + Level 2.0 Fighting
 * Level 2.0 Axes & Hammers
 + Level 1.5 Armour
 - Level 1.1 Stealth
 - Level 1.0 Spellcasting


You had 4 spell levels left.
You didn't know any spells.
Your spell library was empty.

Skill      XL: |  1  2  3 |
---------------+----------+-----
Axes & Hammers | 1 2 |  2.0
Armour         | 1 |  1.5
Fighting       | 2 |  2.0
Stealth        | |  1.1
Spellcasting   | |  1.0

Action                   || total
-------------------------++-------
Melee: Broad axe         ||   246
       Unarmed           ||   234
  Eat: Chunk             ||     1
Armor: Gold dragon scale ||   407
Dodge: Dodged            ||   116

Inventory:

Weapons
 b - a +0 broad axe (weapon)
Armour
 c - +0 gold dragon scales (worn)
Jewellery
 h - an uncursed ring of wizardry
Scrolls
 d - a scroll of fear
 g - a scroll of bless item
 B - a scroll of blinking
Potions
 f - 2 potions of mutation
 i - a potion of resistance {rF+ rC+}
Comestibles
 a - a chunk of flesh
 e - 3 rations


You were on level 1 of the Dungeon.
You were not hungry.

You visited 1 branch of the dungeon, and saw 1 of its levels.
You also visited: Market.

You collected 50 gold pieces.
You spent 960 gold pieces at shops.

Dungeon Overview and Level Annotations

Branches:
Dungeon (1/8)

Altars:

...###..# .. .....#..#....##.
.... ....#...........#...
.......... ..........##....#..#
..........
####..#............###.........
≈≈≈P...#...........#.#......#..
≈≈P....#.#....b................
≈P..#....# #..)r..#........#..
P...#....####.##@###..........###
..............#..............###.
..........###..................#.
............##...##..............
.......###.........##............
.......# #..........#............
......#####......................
.................................
P......##................?.....#.


You could see a bat and a rat.

Notes
Turn   | Place    | Note
-------+----------+-------------------------------------------
     0 | Start Ma | theanonym the Gargoyle Noble began the quest for the Orb.
     0 | Start Ma | Reached XP level 1. HP: 12/12 MP: 2/2
     0 | Start Ma | Found Garady's Mashing MeleeMart.
     6 | Start Ma | Bought a +0 broad axe for 160 gold pieces
     8 | Start Ma | Found Vydduidi's Expert Tomes.
    12 | Start Ma | Found Syraik's Auxillary Armour.
    16 | Start Ma | Bought +0 gold dragon scales for 800 gold pieces
    36 | D:1      | theanonym set off with the following items: a +0 broad axe,
                  | +0 gold dragon scales, a ration
   233 | D:1      | HP: 6/12 [kobold/+0 short sword (5)]
   396 | D:1      | Reached skill level 1 in Axes & Hammers
   396 | D:1      | Reached skill level 1 in Armour
   396 | D:1      | Reached XP level 2. HP: 15/17 MP: 3/3
   446 | D:1      | Reached XP level 3. HP: 20/21 MP: 4/4
   682 | D:1      | Reached skill level 2 in Fighting
   682 | D:1      | Reached skill level 2 in Axes & Hammers
   731 | D:1      | Quit the game

Vanquished Creatures
  2 giant cockroaches (D:1)
  A cinder newt (D:1)
  A dart slug (D:1)
  A goblin (D:1)
  2 hobgoblins (D:1)
  3 bats (D:1)
  2 kobolds (D:1)
  2 rats (D:1)
  6 plants (D:1)
20 creatures vanquished.

Table legend:
 A = Turns spent in this place as a percentage of turns spent in the entire game.
 B = Non-inter-level travel turns spent in this place as a percentage of non-inter-level travel turns spent in the entire game.
 C = Inter-level travel turns spent in this place as a percentage of turns spent in this place.
 D = Turns resting spent in this place as a percentage of non-inter-level travel turns spent in this place.
 E = Turns spent auto-exploring this place as a percentage of non-inter-level travel turns spent in this place.
 F = Non-inter-level travel turns spent in this place divided by the number of levels of this place that you've seen.
                   A       B       C       D       E      F
               +-------+-------+-------+-------+-------+----------------------
         Total | 100.0 | 100.0 |   0.0 |   4.9 |  32.0 | 365.5
       Dungeon |  95.1 |  95.1 |   0.0 |   5.2 |  33.7 | 695.0
        Market |   4.9 |   4.9 |   0.0 |   0.0 |   0.0 |  36.0
               +-------+-------+-------+-------+-------+----------------------
